 Dungeon Crawl Stone Soup version 0.30-b1-2-g02819fbbbe (webtiles) character file.

Game seed: 1845050339077922661

21 GrFlur the Conjurer (level 2, -2/20 HPs)
             Began as a Draconian Conjurer on Aug 30, 2023.
             Succumbed to an adder's poison
             ... on level 2 of the Dungeon.
             The game lasted 00:12:19 (680 turns).

GrFlur the Conjurer (Draconian Conjurer)             Turns: 680, Time: 00:12:20

Health: -2/20      AC:  4    Str:  9    XL:     2   Next: 65%
Magic:  5/5        EV:  5    Int: 18    God:
Gold:   23         SH:  9    Dex:  9    Spells: 4/5 levels left

rFire   . . .        e - +0 dagger
rCold   . . .        f - +0 tower shield
rNeg    . . .        (body armour unavailable)
rPois   .            (helmet restricted)
rElec   .            (no cloak)
rCorr   .            (no gloves)
SInv    .            (no boots)
Will    .....        (no amulet)
Stlth   ++           (no ring)
HPRegen 0.23/turn    (no ring)
MPRegen 0.09/turn

%: no passive effects
@: lethally poisoned (-2 -> -7)
A: AC +4, unfitting armour, cold-blooded
a: no special abilities


You were on level 2 of the Dungeon.
You visited 1 branch of the dungeon, and saw 2 of its levels.

You collected 23 gold pieces.

Inventory:

Hand Weapons
 b - a +0 club
 e - a +0 dagger (weapon)
 h - a +0 short sword
Armour
 c - a +0 leather armour
 f - a +0 tower shield (worn)
Scrolls
 g - a scroll of immolation {unknown}
 i - a scroll of poison {unknown}
Potions
 a - a potion of curing {unknown}
 d - a potion of flight {unknown}


   Skills:
 + Level 0.2 Fighting
 + Level 2.1 Dodging
 + Level 1.7 Stealth
 + Level 2.1 Spellcasting
 + Level 4.5 Conjurations


You had 4 spell levels left.
You knew the following spells:

 Your Spells              Type           Power      Damage    Failure   Level
a - Magic Dart            Conj           72%        1d6       87%         1

Your spell library contained the following spells:

 Spells                   Type           Power      Damage    Failure   Level
 Searing Ray              Conj           36%        2d5       95%         2
 Blink                    Tloc           2%         N/A       100%        2
 Dazzling Flash           Conj/Hex       20%        N/A       100%        3
 Gell's Gravitas          Tloc           1%         N/A       100%        3
 Vhi's Electric Charge    Tloc/Air       2%         N/A       100%        3
 Fulminant Prism          Conj/Hex       5%         3d7       100%        4
 Iskenderun's Mystic Bla  Conj/Tloc      10%        2d4       100%        4


Dungeon Overview and Level Annotations

Branches:
Dungeon (2/15)

Altars:


Innate Abilities, Weirdness & Mutations

Your plain brown scales are hard. (AC +4)
You cannot fit into any form of body armour.
You are cold-blooded and may be slowed by cold attacks.


Message History

Confirm with . or Enter, or press ? or * to list all spells.
Aiming: Magic Dart (safe; 87% risk of failure)
Press: ? - help, Shift-Dir - straight line, f - adder
Aim: an adder (100% to hit)
The magic dart hits the adder.
The adder is moderately wounded.
You closely miss the adder.
The adder is moderately wounded.
The adder bites you but does no damage. The adder bites you.
You are poisoned.
The adder poisons you!
You hit the adder.
The adder is heavily wounded.
You feel sick. You block the adder's attack. The adder barely misses you.
You barely miss the adder.
The adder is heavily wounded.
You feel sick. The adder barely misses you. The adder bites you.
* * * LOW HITPOINT WARNING * * *
You barely miss the adder.
The adder is heavily wounded.
You feel sick.
You are no longer poisoned.
You block the adder's attack. The adder bites you.
* * * LOW HITPOINT WARNING * * *
You miss the adder.
The adder is moderately wounded.
You block the adder's attack. The adder bites you but does no damage.
You block the adder's attack.
You closely miss the adder.
The adder is moderately wounded.
The adder barely misses you. You block the adder's attack.
You barely miss the adder.
The adder is moderately wounded.
The adder barely misses you. The adder bites you.
* * * LOW HITPOINT WARNING * * *
You are lethally poisoned!
The adder poisons you!
You barely miss the adder.
The adder is moderately wounded.
You die...

... ...# #.#
# #..# #.###.
#..#
..#.###..#
#..##...#
#.#.#<.#
#.)###.#
#.#.#####.##
#.#
#...S@....#
##
##.....#.#.#
#.####.#.##.#
#= #.#.# .#
#.#.. . ..###
# ###


You could see an adder.

Vanquished Creatures
  A bat (D:1)
  2 endoplasms (D:1)
  3 giant cockroaches (D:1)
  3 hobgoblins (D:1)
  A quokka (D:2)
  3 ball pythons (D:1)
  5 kobolds
18 creatures vanquished.

Notes
Turn   | Place    | Note
-------+----------+-------------------------------------------
     0 | D:1      | GrFlur the Draconian Conjurer began the quest for the Orb.
     0 | D:1      | Reached XP level 1. HP: 14/14 MP: 3/3
   139 | D:1      | Got the Lessons on the Wayfarer
   174 | D:1      | Reached XP level 2. HP: 20/20 MP: 0/5
   296 | D:1      | HP: 1/20 [constriction (1)]
   563 | D:1      | Found a faded altar of an unknown god.
   679 | D:2      | HP: 1/20 [adder (3)]
   680 | D:2      | Succumbed to an adder's poison

Illustrated notes

Levels and vault maps discovered:
D:1:      amcnicky_arrival_gap_in_the_tavern_cellar, layout_rooms,
          ebering_ecumenical_altar_rust
D:2:      layout_loops_ring

Skill      XL: |  1  2 |
---------------+-------+-----
Dodging        | 2 |  2.1
Fighting       | |  0.2
Stealth        | |  1.7
Spellcasting   | |  2.1
Conjurations   | |  4.5

Action                     || total
---------------------------++-------
  Melee: Unarmed           ||    50
         Tailslap          ||    12
         Punch             ||     1
         Dagger            ||    51
         Club              ||    32
   Cast: Magic Dart        ||    15
    Use: Scroll            ||     2
         Potion            ||     2
 Armour: Skin              ||    78
  Dodge: Dodged            ||    76
  Block: Tower shield      ||    53
